 Dungeon Crawl Stone Soup version 0.31-a0-851-g7ff8af7976 (webtiles) character file.

Game seed: 1890468871654695200

16850 Kurtz the Cleaver (level 12, -16/89 HPs)
             Began as a Mummy Delver on Oct 6, 2023.
             Was a High Priest of Makhleb.
             Hit by a javelin thrown by a minotaur (29 damage)
             ... in a Gauntlet.
             The game lasted 00:29:28 (13055 turns).

Kurtz the Cleaver (Mummy Delver)                   Turns: 13055, Time: 00:29:28

Health: -16/89     AC: 20    Str: 18      XL:     12   Next: 13%
Magic:  0/18       EV:  9    Int:  5 (9)  God:    Makhleb [*****.]
Gold:   604        SH: 10    Dex: 18      Spells: 11/11 levels left

rFire   . . .        d - +10 hand axe of Dominance {drain, *Noise rElec Will++ Stlth+}
rCold   . . .        E - +0 kite shield
rNeg    + + +        D - +3 chain mail "Fugypn" {Dex+2 Slay+3}
rPois   ∞            G - +2 helmet
rElec   +            v - +0 cloak
rCorr   .            u - +0 pair of gloves
SInv    .            m - +0 pair of boots
Will    ++++.        K - amulet of guardian spirit
Stlth   +            H - ring of willpower
HPRegen 0.34/turn    n - ring of fire
MPRegen 0.16/turn

%: no teleportation, guardian spirit, faith
@: no status effects
A: cold resistance 1, negative energy resistance 3, torment resistance 2, heat
vulnerability 1, in touch with death 1, no potions, faith
a: Renounce Religion, Minor Destruction, Lesser Servant of Makhleb, Major
Destruction, Greater Servant of Makhleb


You were in a Gauntlet.
You worshipped Makhleb.
Makhleb was extremely pleased with you.
You visited 2 branches of the dungeon, and saw 12 of its levels.
You also visited: Sewer, Bailey and Gauntlet.

You collected 604 gold pieces.

Inventory:

Hand Weapons
 d - the +10 hand axe of Dominance (weapon) {drain, *Noise rElec Will++ Stlth+}
   (You took it off an orc high priest in a bailey)

   rElec:     It insulates you from electricity.
   Will++:    It greatly increases your willpower.
   *Noise:    It may make a loud noise when swung.
   Stlth+:    It makes you more stealthy.
 r - the +7 hand axe of Ambiguity {flame, Int+5}
   (You found it on level 3 of the Dungeon)

   Int+5:     It affects your intelligence (+5).
 A - a +0 broad axe
Missiles
 g - 6 poisoned darts
 p - 4 javelins
Armour
 a - a +1 scale mail of cold resistance
 m - a +0 pair of boots (worn)
 u - a +0 pair of gloves (worn)
 v - a +0 cloak (worn)
 w - a scarf of invisibility
 D - the +3 chain mail "Fugypn" (worn) {Dex+2 Slay+3}
   (You found it in a bailey)

   Dex+2:     It affects your dexterity (+2).
   Slay+3:    It affects your accuracy & damage with ranged weapons and melee
   (+3).
 E - a +0 kite shield (worn)
 G - a +2 helmet (worn)
Jewellery
 n - a ring of fire (right hand)
 q - a ring of flight
 t - a ring of ice
 z - an amulet of the acrobat
 H - a ring of willpower (left hand)
 K - an amulet of guardian spirit (around neck)
Wands
 f - a wand of digging (2)
 F - a wand of iceblast (4) (quivered)
 J - a wand of paralysis (4)
Scrolls
 b - a scroll of summoning {unknown}
 c - 6 scrolls of fog
 e - 3 scrolls of fear
 h - 2 scrolls of teleportation {unknown}
 i - 3 scrolls of blinking {unknown}
 j - a scroll of vulnerability {unknown}
 k - 2 scrolls of amnesia {unknown}
 l - 4 scrolls of revelation
 o - 2 scrolls of immolation {unknown}
 s - 4 scrolls of identify {unknown}
 x - 2 scrolls of noise {unknown}
 y - a scroll of enchant weapon {unknown}
 B - a scroll of acquirement
 I - a scroll of poison {unknown}
Miscellaneous
 L - a sack of spiders


   Skills:
 - Level 6.9 Fighting
 - Level 9.3 Axes
 * Level 6.5 Armour
 * Level 5.9 Dodging
 - Level 4.1 Stealth
 - Level 5.9 Shields
 - Level 8.6 Invocations


You had 11 spell levels left.
You didn't know any spells.
Your spell library contained the following spells:

 Spells                   Type           Power      Damage    Failure   Level
 Dazzling Flash           Conj/Hex       0%         N/A       100%        3
 Gell's Gravitas          Tloc           0%         N/A       100%        3
 Teleport Other           Tloc           0%         N/A       100%        3
 Tukima's Dance           Hex            0%         N/A       100%        3
 Volatile Blastmotes      Fire/Tloc      0%         2d10      100%        3
 Anguish                  Hex/Necr       0%         N/A       100%        4
 Animate Armour           Summ/Erth      0%         N/A       100%        4
 Dimensional Bullseye     Hex/Tloc       0%         N/A       100%        4
 Dispel Undead            Necr           0%         3d6       100%        4
 Iskenderun's Mystic Bla  Conj/Tloc      0%         2d3       100%        4
 Summon Lightning Spire   Summ/Air       0%         N/A       100%        4
 Agony                    Necr           0%         N/A       100%        5
 Lee's Rapid Deconstruct  Erth           0%         3d4*      100%        5
 Silence                  Hex/Air        0%         N/A       100%        5
 Dispersal                Tloc           0%         N/A       100%        6
 Starburst                Conj/Fire      0%         6d3       100%        6
 Maxwell's Capacitive Co  Air            0%         ∞         100%        8


Dungeon Overview and Level Annotations

Branches:
Dungeon (11/15)            Temple (1/1) D:5            Lair (0/5) D:11
    Orc (0/2) D:10          Sewer (visited)          Bailey (visited)
Gauntlet (1/1)

Altars:
Ashenzari
Cheibriados
Dithmenos
Fedhas
Gozag
Hepliaklqana
Kikubaaqudgha
Makhleb
Nemelex Xobeh
Okawaru
Qazlal
Ru
Sif Muna
Trog
Uskayaw
Vehumet
Wu Jian
Xom
Yredelemnul

Shops:
D:2 (   D:4 *   D:5 [

Portals:
Trove: D:11 (give +3 shadow dragon scales)

Annotations:
D:3 2 transporters, audacious124's ghost, amateur HORe
D:5 Edmund
D:9 exclusion: 2 downstairs Gauntlet 12 transporters, 21 runed translucent doors


Innate Abilities, Weirdness & Mutations

You are immune to poison.
Your flesh is cold resistant. (rC+)
You are immune to negative energy. (rN+++)
You are immune to unholy pain and torment.
You are vulnerable to heat. (rF-)
You are in touch with the powers of death.
You do not drink.
You have a special connection with the divine. (Faith)


Message History

Your smoke demon disappears in a puff of smoke!
Your hellwing hits the minotaur!
Your hellwing barely misses the minotaur.
The minotaur is no longer moving slowly.
Your hellwing barely misses the minotaur.
The minotaur furiously retaliates!
The minotaur headbutts your hellwing, but does no damage.
Your hellwing hits the minotaur but does no damage.
The minotaur unwields the +8 orcbow of Armageddon {freeze, rCorr Int-5 SInv Stlth-}.
The minotaur wields a +1 dire flail of holy wrath.
It softly glows with a divine radiance!
The minotaur hits your hellwing with a +1 dire flail of holy wrath!
Your hellwing convulses!
The minotaur gores your hellwing!
Your hellwing hits the minotaur but does no damage. x2
The minotaur hits your hellwing with a +1 dire flail of holy wrath.
Your hellwing convulses.
The minotaur barely misses your hellwing.
Your hellwing hits the minotaur but does no damage.
Your hellwing closely misses the minotaur.
The minotaur hits your hellwing with a +1 dire flail of holy wrath!
Your hellwing convulses!
Your hellwing dies!
Your hellwing disappears in a puff of smoke!
Aiming: Iceblast
Press: ? - help, Q - select action, (/) - cycle Shift-Dir - straight line, f/p - minotaur
Aim: a minotaur, wielding a +1 dire flail of holy wrath, wearing a +0 plate armour and quivering javelins (severely wounded, unaware, poisoned, hasn't noticed you)
The mass of ice explodes!
The iceblast engulfs the minotaur but does no damage.
The minotaur is severely wounded.
The minotaur bellows!
The minotaur looks more healthy.
The minotaur unwields a +1 dire flail of holy wrath.
It stops glowing.
The minotaur wields the +8 orcbow of Armageddon {freeze, rCorr Int-5 SInv Stlth-}.
It is covered in frost.
The minotaur shoots an arrow.
The arrow hits you!!
* * * LOW HITPOINT WARNING * * *
The arrow freezes you!
* * * LOW HITPOINT WARNING * * *
The minotaur throws a javelin.
The javelin pierces through you!!
You die...

#}.(# #8.8# ####/.[# ###8.#8(8#
## #....#...# .. #.#..#8.8# .#
#.#..##H##..#.# #.............#
#.#@##.#.##.#.# #.#....#....#.#
###.#.#######.#.###
#≈...............§# ### ###
####8..©.©.©.©.©.©..8#### #8# #8#
#8##≈...............≈##8#
#################################
...................≈∩§...........
.....................§§..........


You could see a minotaur.

Vanquished Creatures
  A two-headed ogre (D:10)
  An orc high priest (Bailey)
  A wretched star (Gauntlet)
  An orc knight (Bailey)
  A manticore (D:11)
  An ice statue (Gauntlet)
  2 rime drakes (Gauntlet)
  A guardian mummy (D:11)
  A hornet (D:10)
  26 yaks
  A wraith (D:10)
  3 wyverns
  A fire bat (Gauntlet)
  A neqoxec (Gauntlet)
  2 steam dragons (D:8)
  2 water moccasins
  A sky beast (D:7)
  5 ice beasts
  15 orc warriors
  4 black bears
  A phantom (D:6)
  2 kobold brigands
  2 gnoll sergeants
  3 bullfrogs
  5 scorpions
  12 killer bees
  3 howler monkeys
  6 electric eels
  A jelly (D:5)
  5 hounds
  6 orc priests
  A gnoll bouda (D:4)
  A sleepcap (D:8)
  3 iguanas
  12 orc wizards
  16 gnolls
  5 adders
  3 river rats (Sewer)
  4 shadow imps
  5 white imps
  2 ufetubi (D:6)
  4 worms
  2 dart slugs
  45 orcs
  8 bats
  4 endoplasms
  5 giant cockroaches
  14 goblins
  12 hobgoblins
  3 jackals (Sewer)
  13 kobolds
  A quokka (D:3)
  6 ball pythons
  2 frilled lizards (D:3)
  7 rats
295 creatures vanquished.

Vanquished Creatures (collateral kills)
  An orc high priest (Bailey)
  A fire crab (Gauntlet)
  An orc knight (D:10)
  2 fire bats (Gauntlet)
  5 yaks
  2 steam dragons (D:6)
  2 orc priests
  2 orc wizards
  A gnoll (D:9)
  2 orcs (D:10)
19 creatures vanquished.

Vanquished Creatures (others)
  A human (D:4)
1 creature vanquished.

Grand Total: 315 creatures vanquished

Notes
Turn   | Place    | Note
-------+----------+-------------------------------------------
     0 | D:5      | Kurtz the Mummy Delver began the quest for the Orb.
     0 | D:5      | Reached XP level 1. HP: 18/18 MP: 1/1
     7 | Temple   | Entered the Ecumenical Temple
    46 | Temple   | Became a worshipper of Makhleb the Destroyer
    97 | D:5      | Noticed Edmund
   167 | D:5      | Noticed a jelly
   199 | D:5      | Noticed a scorpion
   296 | D:4      | Found a basalt altar of Yredelemnul.
   468 | D:3      | Reached skill level 1 in Invocations
   482 | D:3      | Found a glowing drain.
   514 | D:3      | Reached skill level 2 in Axes
   514 | D:3      | Reached XP level 2. HP: 14/24 MP: 2/2
   551 | Sewer    | Entered a sewer
   565 | Sewer    | Reached XP level 3. HP: 18/29 MP: 2/4
   724 | Sewer    | Noticed a kobold brigand
   782 | Sewer    | Killed a kobold brigand
   783 | Sewer    | Reached skill level 3 in Axes
   783 | Sewer    | Reached XP level 4. HP: 20/35 MP: 5/5
   886 | Sewer    | Reached * piety under Makhleb
  1021 | D:3      | Found a transporter.
  1025 | D:3      | Noticed audacious124's ghost (amateur HORe)
  1412 | D:1      | Reached XP level 5. HP: 41/41 MP: 6/6
  1588 | D:1      | Found a sparkling altar of Nemelex Xobeh.
  1796 | D:1      | Reached ** piety under Makhleb
  2365 | D:2      | Found Zolizeaf's Weapon Shop.
  2543 | D:3      | Found a transporter.
  2607 | D:3      | Found an opulent altar of Gozag.
  2744 | D:3      | Identified the +7 hand axe of Ambiguity {flame, Int+5}
  3124 | D:4      | Found Ehammaih's Overcharged Wands.
  3151 | D:4      | Reached skill level 4 in Axes
  3195 | D:4      | Found an ancient bone altar of Kikubaaqudgha.
  3199 | D:4      | Noticed a human
  3201 | D:4      | Killed a human
  3318 | D:4      | Reached XP level 6. HP: 28/47 MP: 7/7
  4202 | D:5      | Reached skill level 5 in Axes
  4418 | D:5      | Reached *** piety under Makhleb
  4499 | D:5      | Found Zotoh's Armour Shoppe.
  4523 | D:5      | Reached XP level 7. HP: 52/52 MP: 8/8
  4557 | D:5      | Reached skill level 6 in Axes
  4558 | D:5      | Found a radiant altar of Vehumet.
  4958 | D:6      | Found a blossoming altar of Fedhas.
  4995 | D:6      | Noticed a steam dragon
  5140 | D:6      | Reached XP level 8. HP: 57/60 MP: 8/10
  5198 | D:6      | Reached skill level 7 in Axes
  5230 | D:6      | Reached **** piety under Makhleb
  5630 | D:6      | Found a sacrificial altar of Ru.
  5634 | D:6      | Identified the +3 ring mail "Etweuv" {*Slow Will+ Str+4
                  | Int+2}
  6746 | D:7      | Reached skill level 8 in Axes
  6943 | D:7      | Reached skill level 5 in Fighting
  6943 | D:7      | Reached XP level 9. HP: 63/68 MP: 11/11
  7249 | D:7      | Found a bloodstained altar of Trog.
  7249 | D:7      | Found an iron altar of Okawaru.
  7632 | D:8      | Found a flagged portal.
  7640 | Bailey   | Entered a bailey
  7781 | Bailey   | Noticed an orc high priest
  7785 | Bailey   | Noticed a hellwing
  7785 | Bailey   | Noticed an orange demon
  8069 | Bailey   | Killed an orc high priest
  8070 | Bailey   | Reached skill level 9 in Axes
  8070 | Bailey   | Reached skill level 5 in Invocations
  8208 | Bailey   | Found an iron altar of Okawaru.
  8208 | Bailey   | Noticed an orc high priest
  8212 | Bailey   | Noticed a red devil
  8213 | Bailey   | Noticed an ice devil
  8213 | Bailey   | Noticed a hellwing
  8486 | Bailey   | Reached XP level 10. HP: 62/77 MP: 14/14
  8619 | Bailey   | Noticed an orc knight
  8723 | Bailey   | Killed an orc knight
  8766 | Bailey   | Identified the +10 hand axe of Dominance {drain, *Noise
                  | rElec Will++ Stlth+}
  8970 | Bailey   | Noticed an orange demon
  8974 | Bailey   | Killed an orc high priest
  9071 | Bailey   | Got a fuliginous book
  9078 | Bailey   | Identified the +3 chain mail "Fugypn" {Dex+2 Slay+3}
  9288 | D:8      | Reached skill level 1 in Shields
  9295 | D:8      | Reached ***** piety under Makhleb
  9809 | D:9      | Found a broken altar of Ashenzari.
 10027 | D:9      | Reached XP level 11. HP: 78/83 MP: 16/16
 10090 | D:9      | Reached skill level 5 in Shields
 10560 | D:9      | Found a sparkling altar of Nemelex Xobeh.
 10797 | D:10     | Entered Level 10 of the Dungeon
 10941 | D:9      | Reached skill level 1 in Armour
 11260 | D:10     | Reached skill level 5 in Dodging
 11286 | D:10     | Noticed an orc knight
 11294 | D:10     | Killed an orc knight
 11297 | D:10     | Found a staircase to the Orcish Mines.
 11628 | D:10     | Noticed a two-headed ogre
 11639 | D:10     | Killed a two-headed ogre
 11858 | D:10     | Found a hazy altar of Hepliaklqana.
 11859 | D:10     | Found a shimmering altar of Xom.
 12087 | D:11     | Found a portal to a secret trove of treasure.
 12161 | D:11     | Found a gate leading to a gauntlet.
 12173 | D:11     | Reached skill level 5 in Armour
 12181 | Gauntlet | Entered a Gauntlet
 12181 | Gauntlet | Found a transporter.
 12182 | Gauntlet | Found a large runed translucent door.
 12183 | Gauntlet | Found a large runed translucent door.
 12184 | Gauntlet | Found a large runed translucent door.
 12184 | Gauntlet | Found a large runed translucent door.
 12184 | Gauntlet | Found a runed translucent door.
 12185 | Gauntlet | Found a large runed translucent door.
 12186 | Gauntlet | Found a large runed translucent door.
 12187 | Gauntlet | Found a large runed translucent door.
 12187 | Gauntlet | Found a large runed translucent door.
 12188 | Gauntlet | Found a runed translucent gate.
 12188 | Gauntlet | Found a runed translucent gate.
 12190 | Gauntlet | Found a transporter.
 12190 | Gauntlet | Noticed a wizard
 12198 | Gauntlet | Found a runed translucent gate.
 12198 | Gauntlet | Found a runed translucent door.
 12199 | Gauntlet | Found a large runed translucent door.
 12199 | Gauntlet | Found a large runed translucent door.
 12200 | Gauntlet | Found a large runed translucent door.
 12201 | Gauntlet | Found a large runed translucent door.
 12205 | Gauntlet | Found a transporter.
 12210 | Gauntlet | Found a transporter.
 12225 | Gauntlet | Found a transporter.
 12244 | Gauntlet | Found a transporter.
 12256 | Gauntlet | Found a transporter.
 12257 | Gauntlet | Noticed an entropy weaver
 12264 | Gauntlet | Noticed a thrashing horror
 12274 | Gauntlet | Found a transporter.
 12280 | Gauntlet | Found a transporter.
 12280 | Gauntlet | Noticed a thrashing horror
 12287 | Gauntlet | Noticed a thrashing horror
 12289 | Gauntlet | Found a transporter.
 12293 | Gauntlet | Noticed a thrashing horror
 12301 | Gauntlet | Found a transporter.
 12302 | Gauntlet | Noticed a wretched star
 12307 | Gauntlet | Found a transporter.
 12307 | Gauntlet | Found a transporter.
 12346 | Gauntlet | Found a transporter.
 12372 | Gauntlet | Noticed a fire crab
 12373 | Gauntlet | Found a transporter.
 12389 | Gauntlet | Found a large runed translucent door.
 12389 | Gauntlet | Found a large runed translucent door.
 12390 | Gauntlet | Found a large runed translucent door.
 12391 | Gauntlet | Found a large runed translucent door.
 12391 | Gauntlet | Found a transporter.
 12393 | Gauntlet | Found a transporter.
 12505 | Gauntlet | Found a transporter.
 12594 | Gauntlet | Killed a fire crab
 12602 | Gauntlet | Reached XP level 12. HP: 25/89 MP: 18/18
 13038 | Gauntlet | Identified the +8 orcbow of Armageddon {freeze, rCorr Int-5
                  | SInv Stlth-}
 13038 | Gauntlet | Noticed a minotaur
 13055 | Gauntlet | Hit by a javelin thrown by a minotaur

Illustrated notes

Levels and vault maps discovered:
D:1:      saegor_arrival_under_anarchy, layout_loops_ring, minmay_hexomino_r4
D:2:      layout_basic, serial_shops, nicolae_shop_hallway_plus,
          chequers_serial_rivers_marsh
D:3:      layout_basic, nicolae_gozag_cash_rules_everything_around_me,
          portal_sewer_entry_d, gammafunk_ghost_arena,
          chequers_serial_rivers_micro_a
D:4:      layout_loops_ring, tgw_kikubaaqudgha,
          mainiacjoe_overflow_small_starburst, nicolae_shop_overcharged_wands
D:5:      layout_basic, old_standard_altar, minmay_temple_entry_glass,
          serial_shops, nicolae_shop_advertising_works
          [nicolae_subvault_shop_adworks], serial_bayou_pond_e, uniq_edmund
D:6:      cheibrodos_steamvent, layout_basic, kennysheep_mini,
          minmay_misc_feat_rows, minmay_ruined_shrine
D:7:      layout_basic, gammafunk_temple_overflow_elements,
          nicolae_fountain_basement
D:8:      layout_cave_pools, enter_bailey_3, minmay_misc_feat_plants,
          minmay_misc_feat_encased, minmay_diced_spiral
D:9:      layout_irregular_city, nemelex_diamond_rough_becter,
          nicolae_ashenzari_panopticon
D:10:     layout_cave_pools, regret_index_temple_of_mockery, tso_oasis_becter,
          erik_orc_2, serial_park, serial_park_square2, serial_park_tiny_1,
          serial_park_tiny_2
D:11:     layout_stronghold, hellmonk_lair_entry_icy,
          nicolae_trove_entry_path_of_doom, gauntlet_entry_generic
Temple:   hellmonk_temple_beads
Gauntlet: gammafunk_gauntlet_one_two_three [nicolae_gauntlet_arena_grate_2,
          nicolae_gauntlet_arena_t_cross,
          minmay_gauntlet_arena_make_your_own_arena, nicolae_gauntlet_swirl,
          nicolae_gauntlet_arena_flowing_pool, gammafunk_gauntlet_arena_spirals,
          gammafunk_gauntlet_arena_split_diamond,
          nicolae_gauntlet_arena_quarters, gammafunk_gauntlet_arena_grid,
          nicolae_gauntlet_exit_dead_adventurers]

Skill      XL: |  1  2  3  4  5  6  7  8  9 10 11 12 |
---------------+-------------------------------------+-----
Invocations    | 1 2 3 5 7 8 |  8.6
Axes           | 2 3 4 5 6 8 9 |  9.3
Dodging        | 2 3 4 5 |  5.9
Fighting       | 5 6 |  6.9
Shields        | 4 5 |  5.9
Armour         | 5 6 |  6.5
Stealth        | |  4.1

Action                     |  1- 3 |  4- 6 |  7- 9 | 10-12 || total
---------------------------+-------+-------+-------+-------++-------
  Melee: Hand axe          |    93 |   235 |   221 |   322 ||   871
         Punch             |       |       |     2 |       ||     2
  Throw: Dart              |       |       |     1 |     8 ||     9
         Javelin           |       |       |       |     3 ||     3
 Invoke: Minor Destruction |       |     3 |    11 |    17 ||    31
         Lesser Servant of |       |       |     4 |    13 ||    17
         Major Destruction |       |       |     3 |     4 ||     7
  Evoke: Wand              |       |       |       |    38 ||    38
    Use: Scroll            |     1 |       |     2 |     1 ||     4
   Stab: Sleeping          |     3 |     5 |     1 |       ||     9
         Distracted        |       |       |       |     2 ||     2
         Paralysed         |       |       |       |     2 ||     2
 Armour: Leather armour    |    67 |    56 |       |       ||   123
         Scale mail        |       |    72 |    58 |       ||   130
         Ring mail         |       |     9 |       |       ||     9
         Plate armour      |       |       |    93 |    17 ||   110
         Chain mail        |       |       |       |   190 ||   190
  Dodge: Dodged            |    77 |   107 |    71 |    83 ||   338
  Block: Kite shield       |       |       |       |   128 ||   128

Table legend: (Time is in decaauts)
 A = Elapsed time spent in this place.
 B = Non-inter-level travel time spent in this place.
 C = Inter-level travel time spent in this place.
 D = Time resting spent in this place.
 E = Time spent auto-exploring this place.
 F = Levels seen in this place.
 G = Mean time per level.
                   A        B        C        D        E       F      G
               +--------+--------+--------+--------+--------+-----+--------+
         Total |  13138 |  11968 |   1170 |   2096 |   6253 |  15 |  875.9 |
       Dungeon |  10247 |   9154 |   1093 |   1098 |   5727 |  11 |  931.5 |
        Temple |     78 |      1 |     77 |      0 |      0 |   1 |   78.0 |
         Sewer |    454 |    454 |      0 |     70 |    200 |   1 |  454.0 |
        Bailey |   1487 |   1487 |      0 |    667 |     33 |   1 | 1487.0 |
      Gauntlet |    871 |    871 |      0 |    261 |    293 |   1 |  871.0 |
               +--------+--------+--------+--------+--------+-----+--------+

Top non-repeatable levels by time:
  Bailey: 1487 daAuts
     D:9: 1358 daAuts
     D:2: 1253 daAuts
     D:3: 1192 daAuts
     D:4: 1087 daAuts
     D:5: 1016 daAuts
     D:6: 923 daAuts
    D:10: 908 daAuts
     D:7: 904 daAuts
Gauntlet: 871 daAuts
     D:1: 800 daAuts
     D:8: 657 daAuts
   Sewer: 454 daAuts
    D:11: 144 daAuts
  Temple: 78 daAuts
